Unix NetHack Version 5.0.0-0 post-release - last build Jul 19 2026 19:10:59 (3aa4ab31751d3886436d94b585a96704892fd477,branch:main).

Game began 2026-07-28 08:43:09, ended 2026-07-28 09:48:38.

Jandor, neutral male human Wizard

       ----------       --------------------------------
       |........|       |..............................|
       |.<......|      #|.-------|-------------..-----.|
       |........| ######|.| ...|..|...|.   |. |..|.).|.|
       |.........##[####-.|  ..|..|...|.   |..f@.-..f|.|
       ----.-----  ##   |.----|---|...||------|..|...|.|
                        |.......[.|...|.|..|..|.-----|.|
                        |.----....-|---.|..|..|.-....|)|
                        |.|..-.......{.[--||..|.|.._.|[|
                        |.|..|.....).......-|--.|....|.|
                        |.|----|--.-----|-......|....|.|
                        |.|..|...|.|  |..|....-------|.|
                        |.|..|(((|.+  |[.|....|{.|%%.|.|
                        |.|..|(..|.---|).|....|..|%%.-.|
                        |.-|------..{.----....--|-----.|
                        |..............................|
                        --------------------------------

Jandor the Thaumaturge    St:12 Dx:14 Co:13 In:18 Wi:12 Ch:10  Neutral
Dlvl:5  $:0  HP:0(43) Pw:37(57) AC:0  Xp:6 T:4207  Burdened

Latest messages:
 The large cat bites the watchman.
 The watchman thrusts her short sword at the large cat.
 The watchman misses the large cat.
 The large cat bites the watchman.
 The watchman thrusts her short sword at the large cat.
 The watchman hits the large cat.
 The large cat bites the watchman.
 The watchman is killed!
 The large cat bites the grid bug.
 The grid bug is killed!
 You hear a gurgling noise.
 You feel wise!
 You must have been very observant.
 There are several objects here.
 You have a little trouble lifting V - a wooden shield.
 W - a scroll of create monster.
 In what direction? 4
 Thwack!!
 In what direction? 4
 Thwack!!
 In what direction? 4
 Whammm!!
 In what direction? 4
 Whammm!!
 In what direction? 4
 As you kick the door, it crashes open!
 The gnome king hits!
 You hit the gnome king.
 The gnome king hits!
 You hit the gnome king.
 The gnome king hits!
 You hit the gnome king.
 The gnome king hits!
 You hit the gnome king.
 The gnome king hits!
 In what direction? 4
 You kill the gnome king!
 The magic missile bounces!
 The magic missile hits you!
 The missiles bounce off!
 The housecat misses!
 In what direction? 4
 The magic missile hits the housecat!
 The magic missile bounces!
 The housecat bites!
 The housecat bites!
 The housecat bites!
 You die...
 Do you want your possessions identified? [ynq] (y) y
 Do you want to see your attributes? [ynq] (y) q

Inventory:
 Weapons  (')')
  k - 5 blessed rustproof +1 daggers
  J - a blessed +0 dagger (weapon in right hand)
  a - a blessed +1 quarterstaff
 Armor    ('[')
  z - an uncursed +1 dwarvish iron helm
  L - an uncursed +0 pair of leather gloves (being worn)
  N - an uncursed +0 pair of high boots (being worn)
  H - an uncursed +0 small shield
  V - an uncursed +0 small shield
  p - an uncursed +1 cloak of invisibility
  b - an uncursed +0 cloak of magic resistance (being worn)
  R - an uncursed +0 dwarvish mithril-coat (being worn)
 Comestibles  ('%')
  E - 2 uncursed tripe rations
 Scrolls  ('?')
  W - an uncursed scroll of create monster
  B - an uncursed scroll of magic mapping
  I - an uncursed scroll of teleportation
 Spellbooks  ('+')
  C - an uncursed spellbook of cancellation
 Potions  ('!')
  A - an uncursed potion of healing
  Q - an uncursed potion of object detection
  P - a blessed potion of sleeping
 Rings    ('=')
  t - an uncursed +1 ring of gain strength (on right hand)
 Wands    ('/')
  U - a wand of cancellation (0:5)
  s - a wand of probing (0:5)
 Tools    ('(')
  h - an uncursed sack containing 12 items
  F - an uncursed magic lamp
  S - an uncursed mirror
 Gems/Stones  ('*')
  u - 2 uncursed worthless pieces of violet glass

Contents of the sack:
  167 gold pieces
  an uncursed scroll of confuse monster
  an uncursed scroll of destroy armor
  2 uncursed scrolls of enchant armor
  an uncursed scroll of identify
  an uncursed scroll of light
  an uncursed potion of gain level
  an uncursed ring of protection from shape changers
  an uncursed ring of teleportation
  a blessed wand of cold (0:4)
  a wand of cold (0:8)
  a +0 pick-axe

Jandor the Wizard's attributes:

Background:
 You were a Thaumaturge, a level 6 male human Wizard.
 You were neutral, on a mission for Thoth
 who was opposed by Ptah (lawful) and Anhur (chaotic).
 You were right-handed.
 You were in the Gnomish Mines, on level 5.
 You entered the dungeon 4207 turns ago.
 You had 417 experience points, 223 more were needed to attain level 7.

Basics:
 You had 0 out of 43 hit points.
 You had 37 out of 57 energy points (spell power).
 Your armor class was 0.
 Your wallet was empty, but
 you had 167 zorkmids stashed away in your pack.
 Autopickup was off.

Final Characteristics:
 Your strength was 12 (base:11, limit:18/100).
 Your dexterity was 14 (limit:18).
 Your constitution was 13 (limit:18).
 Your intelligence was 18 (limit:18).
 Your wisdom was 12 (limit:18).
 Your charisma was 10 (limit:18).

Final Status:
 You weren't hungry.
 You were burdened; movement was slightly slowed.
 You were wielding a dagger.
 You had basic skill with dagger.

Final Attributes:
 You were piously aligned.
 You were magic-protected.
 You were guarded.
 Your spell casting was impaired by metallic armor.
 You are dead.

Miscellaneous:
 You didn't encounter any bones levels.
 Total elapsed playing time was 1 hour, 5 minutes and 27 seconds.

Major events:
 Turn
    1: Jandor the neutral male human Wizard entered the dungeon
 1231: attained the rank of Conjurer (level 3)
 1307: entered the Gnomish Mines
 3404: reached Mine Town
 3432: attained the rank of Thaumaturge (level 6)
 4207: killed by a housecat

Spells:
 Name                 Level Category     Fail Retention
 force bolt             1   attack        40%   71%-80%
 magic missile          2   attack         4%   71%-80%

Skills:
 Fighting Skills
   bare handed combat [Unskilled]
   riding             [Unskilled]
 Weapon Skills
   dagger             [Basic]
   knife              [Unskilled]
   axe                [Unskilled]
   short sword        [Unskilled]
   club               [Unskilled]
   mace               [Unskilled]
   quarterstaff       [Basic]
   polearms           [Unskilled]
   spear              [Unskilled]
   trident            [Unskilled]
   sling              [Unskilled]
   dart               [Unskilled]
   shuriken           [Unskilled]
 Spellcasting Skills
   attack spells      [Basic]
   healing spells     [Unskilled]
   divination spells  [Unskilled]
   enchantment spells [Basic]
   clerical spells    [Unskilled]
   escape spells      [Unskilled]
   matter spells      [Unskilled]

Voluntary challenges:
 Character rerolling was not enabled.
 You never genocided any monsters.
 You never polymorphed an object.
 You never changed form.
 You used no wishes.
Achievements:
 You attained the rank of Conjurer.
 You entered the Gnomish Mines.
 You entered Minetown.
 You attained the rank of Thaumaturge.
 You entered a temple.
 You entered a shop.

 The Dungeons of Doom: levels 1 to 3
    Level 1:
    Level 2:
       An altar to Thoth, a fountain.
       Stairs down to The Gnomish Mines.
    Level 3:
 The Gnomish Mines: levels 3 to 5
    Level 3:
    Level 4:
    Level 5: <- You were here.
       Many shops, a temple and an altar, some fountains, a sink.
       Final resting place for
          you, killed by a housecat.


Vanquished creatures:
  3 watchmen
  2 leprechauns
  a gnome ruler
  a human zombie
  a wood nymph
  a rock mole
  a pony
  3 gnome leaders
  3 gnomish wizards
  3 giant ants
  a floating eye
  5 dwarves
  a rabid rat
  7 monkeys
  2 acid blobs
  a coyote
  2 gas spores
  a hobbit
  a hobgoblin
  a giant rat
  3 cave spiders
  a brown mold
  2 yellow molds
 25 gnomes
  2 gnome zombies
  4 geckos
  6 jackals
  a fox
  a sewer rat
  5 grid bugs
  3 lichens
  a kobold zombie
  4 newts
99 creatures vanquished.

No species were genocided or became extinct.

Game over:
                       ----------
                      /          \
                     /    REST    \
                    /      IN      \
                   /     PEACE      \
                  /                  \
                  |      Jandor      |
                  |      167 Au      |
                  |   killed by a    |
                  |     housecat     |
                  |                  |
                  |                  |
                  |       2026       |
                 *|     *  *  *      | *
        _________)/\\_//(\/(/\)/\//\/|_)_______

Goodbye Jandor the Wizard...

You died in The Gnomish Mines on dungeon level 5 with 2029 points,
and 167 pieces of gold, after 4207 moves.
You were level 6 with a maximum of 43 hit points when you died.

